 Dungeon Crawl Stone Soup version 0.29.1-15-g9cfb28693d (webtiles) character file.

Game seed: 15059743266483933079

688 Soleod the Insei (level 7, -3/52 HPs)
             Began as a Demonspawn Transmuter on Apr 26, 2023.
             Succumbed to a water moccasin's poison
             ... on level 5 of the Dungeon.
             The game lasted 00:09:49 (6361 turns).

Soleod the Insei (Demonspawn Transmuter)            Turns: 6361, Time: 00:09:50

Health: -3/52      AC: 11    Str: 12    XL:     7   Next: 36%
Magic:  11/12      EV: 13    Int: 14    God:
Gold:   121        SH:  0    Dex: 14    Spells: 10/13 levels left

rFire   . . .      SeeInvis .     - Unarmed
rCold   . . .      Faith    .   (no shield)
rNeg    . . .      Spirit   .   a - +0 robe
rPois   .          Reflect  .   (helmet currently unavailable)
rElec   .          Harm     .   (no cloak)
rCorr   .          Rampage  .   (no gloves)
Will    .....                   (boots currently unavailable)
Stlth   +.........              (no amulet)
HPRegen 0.17/turn               (no ring)
MPRegen 0.13/turn               (no ring)

@: lethally poisoned (-3 -> -17), about to teleport, appendages, wereblooded,
sanguine armoured
A: horns 2, talons 2, hooves 1, ignite blood 1, sanguine armour 2
a: End Transformation


You were on level 5 of the Dungeon.
You had temporarily grown beastly horns and talons.
You visited 1 branch of the dungeon, and saw 5 of its levels.

You collected 165 gold pieces.
You spent 44 gold pieces at shops.

Inventory:

Armour
 a - a +0 robe (worn)
Scrolls
 d - 6 scrolls of amnesia
 e - 2 scrolls of teleportation
 h - a scroll of blinking
 i - a scroll of magic mapping
 j - a scroll of poison
 l - 3 scrolls of fear
Potions
 b - 2 potions of might
 c - a potion of brilliance {unknown}
 f - 2 potions of curing {unknown}
 g - 2 potions of attraction {unknown}
 k - a potion of lignification
 n - a potion of heal wounds {unknown}


   Skills:
 + Level 3.6 Fighting
 + Level 3.6 Dodging
 + Level 4.2 Unarmed Combat
 + Level 3.8 Spellcasting
 + Level 3.7 Transmutations


You had 10 spell levels left.
You knew the following spells:

 Your Spells              Type           Power      Damage    Failure   Level
a - Beastly Appendage     Tmut           26%        N/A       4%          1
b - Wereblood             Tmut           13%        N/A       7%          2

Your spell library contained the following spells:

 Spells                   Type           Power      Damage    Failure   Level
 Spider Form              Tmut/Pois      7%         N/A       28%         3
 Ice Form                 Ice/Tmut       7%         N/A       67%         4


Dungeon Overview and Level Annotations

Branches:
Dungeon (5/15)
 Temple: D:4-7

Altars:
Cheibriados
Fedhas
Gozag
Kikubaaqudgha
Sif Muna
Trog
Xom

Shops:
D:3 *   D:4 ?


Innate Abilities, Weirdness & Mutations

You have temporarily grown beastly horns and talons.
You have large cloven feet.
Your demonic aura sometimes causes spilled blood to erupt in flames.
When seriously injured, your blood forms thick armour. (AC +9)


Message History

The ogre is heavily wounded.
The water moccasin bites you!
Your blood congeals into armour.
You are poisoned.
The water moccasin poisons you! The ogre misses you.
You hit the ogre but do no damage. You claw the ogre, but do no damage.
You headbutt the ogre.
The ogre is heavily wounded.
You feel very sick.
The water moccasin bites you but does no damage.
You hit the ogre. You claw the ogre. You headbutt the ogre.
The ogre is almost dead.
You feel sick. The water moccasin barely misses you.
The ogre hits you with a +0 giant club! The water moccasin closely misses you.
You are too injured to fight recklessly!
You are too injured to fight recklessly!
The ogre attacks as you move away! The ogre closely misses you.
You feel sick.
The shadow imp shouts, "Slither away, thou gleeking toot-wallowing bugbear!"
The water moccasin attacks as you move away!
The water moccasin bites you but does no damage.
You feel sick.
The water moccasin attacks as you move away!
The water moccasin bites you but does no damage.
You feel sick. The water moccasin barely misses you.
You feel sick.
As you read the scroll of teleportation, it crumbles to dust.
You feel strangely unstable.
You feel sick. The water moccasin barely misses you.
The water moccasin bites you.
* * * LOW HITPOINT WARNING * * *
The shadow imp attacks as you move away!
The shadow imp closely misses you.
The water moccasin attacks as you move away!
The water moccasin bites you but does no damage.
You feel sick.
You are no longer poisoned.
The water moccasin attacks as you move away!
The water moccasin bites you.
* * * LOW HITPOINT WARNING * * *
You are lethally poisoned!
The water moccasin poisons you!
You die...

##...##### #.
#....###.## #.
#####.....##..####
#...#.........##.#
##...##............
###...####........[..
#......##............
#.....SO.............
#...@.5O.............
#..........).........
#....###.............
##.... #.......#####.
###.. #......#.# .#
#..##..)).#.#.#
#.........##.#?
........#.# #)


You could see a water moccasin, 2 ogres and a shadow imp.

Vanquished Creatures
  An ogre (D:5)
  A centaur (D:5)
  A phantom (D:3)
  3 scorpions
  3 hounds
  A jelly (D:5)
  An orc wizard (D:3)
  2 adders (D:2)
  A gnoll (D:1)
  An ufetubus (D:5)
  2 worms (D:2)
  2 dart slugs
  13 orcs
  6 endoplasms
  3 giant cockroaches
  4 goblins
  5 hobgoblins
  2 jackals (D:2)
  4 quokkas
  8 ball pythons
  4 bats
  3 frilled lizards
  5 kobolds
  2 rats
78 creatures vanquished.

Vanquished Creatures (others)
  A plant (D:1)
1 creature vanquished.

Grand Total: 79 creatures vanquished

Notes
Turn   | Place    | Note
-------+----------+-------------------------------------------
     0 | D:1      | Soleod the Demonspawn Transmuter began the quest for the
                  | Orb.
     0 | D:1      | Reached XP level 1. HP: 15/15 MP: 3/3
    54 | D:1      | Gained mutation: Your demonic aura sometimes causes spilled
                  | blood to erupt in flames. [demonic ancestry]
    54 | D:1      | Reached XP level 2. HP: 3/21 MP: 5/5
  1348 | D:2      | Reached XP level 3. HP: 26/26 MP: 4/6
  1395 | D:2      | Reached skill level 3 in Unarmed Combat
  1640 | D:2      | Found a snail-covered altar of Cheibriados.
  1815 | D:2      | HP: 1/27 [kobold/+0 club (2)]
  2118 | D:2      | Reached XP level 4. HP: 33/33 MP: 5/7
  2743 | D:2      | Found a faded altar of an unknown god.
  3345 | D:3      | Found Gozag's Platinum Reserve.
  3634 | D:3      | Found an opulent altar of Gozag.
  3704 | D:4      | Noticed a phantom
  3732 | D:3      | Killed a phantom
  3733 | D:3      | Gained mutation: When seriously injured, your blood forms
                  | armour. (AC +9) [demonic ancestry]
  3733 | D:3      | Reached XP level 5. HP: 4/38 MP: 7/9
  4314 | D:4      | Found Joempuaq's Magic Scroll Shoppe.
  4327 | D:4      | Bought a scroll of identify for 22 gold pieces
  4327 | D:4      | Bought a scroll of identify for 22 gold pieces
  4368 | D:4      | Found a shimmering altar of Xom.
  4458 | D:4      | Learned a level 2 spell: Wereblood
  4470 | D:4      | Gained mutation: When seriously injured, your blood forms
                  | thick armour. (AC +9) [demonic ancestry]
  4470 | D:4      | Reached XP level 6. HP: 34/44 MP: 7/10
  5053 | D:4      | Found a shimmering blue altar of Sif Muna.
  5053 | D:4      | Found an ancient bone altar of Kikubaaqudgha.
  5061 | D:4      | Found a bloodstained altar of Trog.
  5063 | D:4      | Found a blossoming altar of Fedhas.
  5153 | D:5      | Entered Level 5 of the Dungeon
  5611 | D:5      | Reached skill level 4 in Unarmed Combat
  5611 | D:5      | Lost mutation: You have razor-sharp toenails. [demonic
                  | ancestry]
  5611 | D:5      | Lost mutation: You have sharp toenails. [demonic ancestry]
  5611 | D:5      | Gained mutation: You have large cloven feet. [demonic
                  | ancestry]
  5611 | D:5      | Reached XP level 7. HP: 27/52 MP: 9/12
  6361 | D:5      | HP: 1/52 [water moccasin (6)]
  6361 | D:5      | Succumbed to a water moccasin's poison

Illustrated notes

Levels and vault maps discovered:
D:1:      minmay_arrival_semitransparent, layout_loops_ring, serial_bayou,
          serial_bayou_pond_c, serial_bayou_pond_a, serial_bayou_lake_a,
          serial_bayou_ford_a, serial_bayou_crossing
D:2:      layout_basic, basic_altar, ebering_ecumenical_altar_webs,
          minmay_tetromino_i4
D:3:      layout_loops_ring, nicolae_gozag_zags_fifth_avenue
D:4:      layout_rooms, chequers_temple_overflow_minitemple,
          mainiacjoe_overflow_surrounded_room, serial_shops,
          nicolae_shop_statue_plus
D:5:      layout_cave_pools, evilmike_ruin_ashenzari, portal_sewer_entry_a,
          chequers_serial_rivers_small_3, minmay_circle_x

Skill      XL: |  1  2  3  4  5  6 |
---------------+-------------------+-----
Dodging        | 2 3 |  3.6
Transmutations | 2 3 |  3.7
Unarmed Combat | 3 4 |  4.2
Fighting       | 2 3 |  3.6
Spellcasting   | 3 |  3.8

Action                   |  1- 3 |  4- 6 |  7- 9 || total
-------------------------+-------+-------+-------++-------
Melee: Unarmed           |    93 |   154 |    28 ||   275
       Headbutt          |     5 |    18 |     7 ||    30
       Kick              |    21 |    38 |    12 ||    71
       Punch             |     1 |     5 |       ||     6
 Cast: Beastly Appendage |    23 |    22 |     2 ||    47
       Wereblood         |       |     3 |     1 ||     4
  Use: Potion            |     1 |       |       ||     1
       Scroll            |     4 |     5 |     1 ||    10
 Stab: Sleeping          |       |     1 |       ||     1
Armor: Skin              |     4 |       |       ||     4
       Robe              |    13 |    31 |    16 ||    60
Dodge: Dodged            |    70 |   103 |    31 ||   204
